 Dungeon Crawl Stone Soup version 0.31.0-4-g52a2dc7128 (webtiles) character file.

Game seed: 15482593019764086845

14554 sanka the Geomancer (level 12, -11/77 HPs)
             Began as a Gargoyle Earth Elementalist on Jan 21, 2024.
             Was an Elder of Vehumet.
             Mangled by a white ugly thing (18 damage)
             ... on level 11 of the Dungeon.
             The game lasted 00:20:15 (10971 turns).

sanka the Geomancer (Gargoyle Earth Elementalist)  Turns: 10971, Time: 00:20:15

Health: -11/77     AC: 17    Str: 13    XL:     12   Next: 17%
Magic:  14/18      EV: 15    Int: 20    God:    Vehumet [****..]
Gold:   794        SH:  0    Dex: 16    Spells: 8/19 levels left

rFire   . . .        u - +4 quarterstaff (chaos)
rCold   . . .        (shield currently unavailable)
rNeg    + . .        D - +3 leather armour {Will+}
rPois   ∞            j - +0 helmet
rElec   +            o - +1 cloak "Liliy" {rPois Will+ Regen+}
rCorr   .            (no gloves)
SInv    .            (no boots)
Will    +++..        F - amulet of regeneration
Stlth   ++           a - ring of willpower
HPRegen 1.92/turn    r - +6 ring of dexterity
MPRegen 0.16/turn

%: no passive effects
@: no status effects
A: sickness immunity, AC +8, negative energy resistance 1, electricity
resistance, torment resistance 1, petrification resistance
a: Renounce Religion


You were on level 11 of the Dungeon.
You worshipped Vehumet.
Vehumet was greatly pleased with you.
You visited 2 branches of the dungeon, and saw 12 of its levels.

You collected 794 gold pieces.


Innate Abilities, Weirdness & Mutations

You are immune to sickness and miasma.
Your stone body is resilient. (AC +8)
You are immune to poison.
You resist negative energy. (rN+)
You are resistant to electric shocks. (rElec)
You are resistant to unholy torment.
You are immune to petrification.


   Skills:
 - Level 10.0 Fighting
 + Level 8.1 Dodging
 - Level 2.1 Stealth
 - Level 4.0 Spellcasting
 - Level 8.0 Conjurations
 + Level 14.5 Earth Magic


You had 8 spell levels left.
You knew the following spells:

 Your Spells              Type           Power      Damage    Failure   Level
x - Stone Arrow           Conj/Erth      98%        3d13      1%          3
y - Brom's Barrelling Bo  Conj/Erth      49%        2d7       1%          4
z - Sandblast             Erth           100%       2d20      1%          1
N - Passwall              Erth           58%        N/A       1%          3

Your spell library contained the following spells:

 Spells                   Type           Power      Damage    Failure   Level
 Iskenderun's Mystic Bla  Conj/Tloc      20%        2d6       9%          4
 Animate Armour           Summ/Erth      66%        N/A       9%          4
 Petrify                  Alch/Erth      33%        N/A       9%          4
 Lesser Beckoning         Tloc           8%         N/A       24%         2
 Gell's Gravitas          Tloc           4%         N/A       43%         3
 Teleport Other           Tloc           4%         N/A       43%         3
 Animate Dead             Necr           4%         N/A       85%         4
 Dispel Undead            Necr           4%         3d7       85%         4
 Haunt                    Necr/Summ      2%         N/A       100%        7
 Infestation              Necr           2%         N/A       100%        8
 Chain Lightning          Conj/Air       10%        3d13      100%        9
 Fire Storm               Conj/Fire      10%        8d3       100%        9
 Shatter                  Erth           29%        3d24*     100%        9
 Cigotuvi's Dreadful Rot  Necr/Alch/Air  Unusable   N/A       N/A         2

Inventory:

Hand Weapons
 d - a +0 whip
 e - a +1 dagger of venom
 i - a +2 flail of pain
 u - a +4 quarterstaff of chaos (weapon)
 z - a +2 dagger of draining
 J - a +2 scimitar of flaming
Missiles
 G - 2 throwing nets {=f}
 R - a curare-tipped dart {=f}
Armour
 j - a +0 helmet (worn)
 o - the +1 cloak "Liliy" (worn) {rPois Will+ Regen+} rPois: It protects you from poison Will+: It increases your willpower. Regen+: It increases your rate of health regeneration.
 D - a +3 leather armour of willpower (worn)
 K - +0 steam dragon scales
Magical Staves
 T - a staff of conjuration {!a}
Jewellery
 a - a ring of willpower (left hand)
 r - a +6 ring of dexterity (right hand)
 x - a +4 ring of slaying
 F - an amulet of regeneration (around neck)
 H - the ring of the Reasonable Banana {^Contam rElec rPois Will+ Str+2}

   [ring of willpower]

   Str+2:     It affects your strength (+2).
   rElec:     It insulates you from electricity.
   rPois:     It protects you from poison Will+: It increases your willpower.
   ^Contam:   It causes magical contamination when unequipped.
 O - a ring of protection from cold
Wands
 g - a wand of digging (4)
 p - a wand of polymorph (30)
 y - a wand of mindburst (13)
 N - a wand of roots (3)
Scrolls
 m - 4 scrolls of teleportation {@r4}
 q - 2 scrolls of fog
 t - 3 scrolls of revelation
 w - 2 scrolls of poison
 B - a scroll of noise {!r}
 E - a scroll of silence {!r}
 I - a scroll of enchant armour {unknown}
 L - a scroll of vulnerability {unknown}
 M - a scroll of acquirement {unknown}
 Q - a scroll of blinking {unknown}
 S - a scroll of enchant weapon {unknown}
Potions
 b - a potion of magic
 c - a potion of haste {unknown}
 f - 2 potions of brilliance {unknown}
 h - 2 potions of heal wounds {unknown}
 k - a potion of resistance {unknown}
 l - 5 potions of lignification {!q}
 n - 2 potions of degeneration {unknown}
 s - a potion of might {unknown}
 v - a potion of attraction {unknown}
 A - a potion of invisibility {unknown}
 C - 3 potions of curing {@q1}
 P - a potion of ambrosia {unknown}
 U - a potion of cancellation {unknown}

Dungeon Overview and Level Annotations

Branches:
Dungeon (11/15)            Temple (1/1) D:5            Lair (0/5) D:10
    Orc (0/2) D:10

Altars:
Ashenzari
Cheibriados
Dithmenos
Elyvilon
Fedhas
Gozag
Hepliaklqana
Kikubaaqudgha
Makhleb
Nemelex Xobeh
Okawaru
Qazlal
Ru
Sif Muna
Trog
Uskayaw
Vehumet
Wu Jian
Xom
Yredelemnul
Zin
The Shining One

Shops:
D:4 *   D:6 !   D:7 [[(=

...... ▒ ..... . . .... .
..▒▒. ...▒▒▒▒.▒ .....▒
▒..▒....▒ ▒...▒ ▒........
▒...▒▒▒(...▒
▒...8uK.▒▒..........
▒▒▒.▒▒K.▒▒.▒.......▒
▒.▒▒..▒ .........▒▒ ▒.▒...▒
▒........▒.
▒.▒..▒▒▒▒......)...
▒.▒......).......▒
▒.▒.▒▒▒▒▒▒.......▒▒
.▒▒▒▒▒▒▒▒..>...[...........
..........▒▒▒▒▒▒▒▒.).....▒


You could see a white ugly thing, a kobold brigand and a kobold.


Message History

Your life force feels restored.
Unknown command.
Unknown command.
The white ugly thing closely misses you.
The kobold brigand hits you but does no damage.
The white ugly thing attacks as it pursues you!
The white ugly thing misses you.
The blast of sand hits the white ugly thing!
The white ugly thing is moderately wounded.
The white ugly thing gores you. The white ugly thing freezes you!!
The blast of sand hits the white ugly thing!
The white ugly thing is moderately wounded.
The white ugly thing barely misses you. The white ugly thing gores you.
The white ugly thing freezes you!
* * * LOW HITPOINT WARNING * * *
The blast of sand hits the white ugly thing.
The white ugly thing is moderately wounded.
The white ugly thing gores you.
* * * LOW HITPOINT WARNING * * *
The white ugly thing freezes you!!
* * * LOW HITPOINT WARNING * * *
Unknown command.
The blast of sand hits the white ugly thing!!
The white ugly thing is severely wounded.
The white ugly thing gores you.
* * * LOW HITPOINT WARNING * * *
The white ugly thing freezes you!!
You die...

Action                     |  1- 3 |  4- 6 |  7- 9 | 10-12 || total
---------------------------+-------+-------+-------+-------++-------
  Melee: Unarmed           |    28 |       |       |       ||    28
         Dagger            |    27 |     2 |       |       ||    29
         Punch             |     1 |       |       |       ||     1
         Flail             |       |     1 |       |       ||     1
         Quarterstaff      |       |       |    31 |    29 ||    60
   Cast: Sandblast         |    32 |    49 |   130 |   205 ||   416
         Stone Arrow       |       |     2 |     8 |    45 ||    55
         Brom's Barrelling |       |       |     2 |     4 ||     6
    Use: Scroll            |       |       |     7 |     1 ||     8
 Armour: Robe              |    55 |       |       |       ||    55
         Animal skin       |       |    14 |    44 |       ||    58
         Leather armour    |       |       |    86 |   217 ||   303
  Dodge: Dodged            |    60 |    10 |    74 |   190 ||   334

Levels and vault maps discovered:
D:1:      giann_bridges, layout_rooms, corexii_hall_statues_i
D:2:      layout_basic, kennysheep_another_room, uniq_robin
D:3:      layout_basic, amcnicky_altar_gilded, minmay_misc_feat_encased,
          uniq_crazy_yiuf_cottage, uniq_jessica, uniq_grinder
D:4:      layout_gridville, nicolae_gozag_zags_fifth_avenue,
          regret_index_xom_buried_treasure, uniq_ijyb
D:5:      layout_basic, nicolae_overflow_crystal_walls,
          minmay_temple_entry_large_hall, serial_aquarium,
          aquarium_bridge_straight [aquarium_subvault_bridge,
          aquarium_subvault_wall, aquarium_subvault_bridge,
          aquarium_subvault_window], aquarium_bridge_square
          [aquarium_subvault_window, aquarium_subvault_bridge,
          aquarium_subvault_bridge, aquarium_subvault_window],
          aquarium_window_1, aquarium_window_2, aquarium_window_3,
          aquarium_window_fake, aquarium_view_2c, aquarium_pool_five
D:6:      layout_basic, serial_shops, nicolae_shop_industrial_runoff
D:7:      layout_loops_ring, mainiacjoe_overflow_six_doors_small, serial_shops,
          shop_fountains, shop, shop, nicolae_stop_n_shop_2, uniq_menkaure
D:8:      layout_basic, nicolae_ru_sacrificial_ziggurat, disabler_island,
          uniq_maggie, uniq_maurice
D:9:      layout_loops_cross, kennysheep_mini, grunt_ashenzari_visionary
          [grunt_ashenzari_visionary_swamp, grunt_ashenzari_visionary_snake]
D:10:     minmay_inner_zag, layout_gridville, lemuel_crystal_altar,
          dpeg_lair_monsters, kennysheep_orc_monster_closet_entryway,
          chequers_serial_rivers_small_3
D:11:     layout_rooms, uniq_nergalle
Temple:   hellmonk_temple_forest_ring

Notes
Turn   | Place    | Note
-------+----------+-------------------------------------------
     0 | D:1      | sanka the Gargoyle Earth Elementalist began the quest for
                  | the Orb.
     0 | D:1      | Reached XP level 1. HP: 10/10 MP: 3/3
    90 | D:1      | Reached skill level 4 in Earth Magic
    92 | D:1      | Reached XP level 2. HP: 15/15 MP: 0/5
   628 | D:2      | Noticed Robin
   669 | D:2      | Reached XP level 3. HP: 15/19 MP: 0/6
   670 | D:2      | Reached skill level 2 in Conjurations
   687 | D:2      | Killed Robin
   712 | D:2      | Reached skill level 5 in Earth Magic
  1263 | D:2      | Identified the +1 cloak "Liliy" {rPois Will+ Regen+}
  1300 | D:2      | Reached XP level 4. HP: 24/24 MP: 5/7
  1532 | D:3      | Found an ancient bone altar of Kikubaaqudgha.
  1564 | D:3      | Noticed Grinder
  1585 | D:3      | Killed Grinder
  1586 | D:3      | Reached skill level 3 in Conjurations
  1586 | D:3      | Reached skill level 6 in Earth Magic
  1586 | D:3      | Reached XP level 5. HP: 27/28 MP: 0/8
  1586 | D:3      | Reached XP level 6. HP: 31/32 MP: 0/9
  1667 | D:3      | Learned a level 3 spell: Passwall
  1671 | D:3      | Learned a level 3 spell: Stone Arrow
  1812 | D:3      | Reached skill level 7 in Earth Magic
  2076 | D:3      | Reached skill level 4 in Conjurations
  2334 | D:3      | Noticed Jessica
  2336 | D:3      | Killed Jessica
  2357 | D:3      | Found a runed translucent door.
  2358 | D:3      | Noticed Crazy Yiuf
  2565 | D:3      | Killed Crazy Yiuf
  2939 | D:4      | Reached skill level 8 in Earth Magic
  2983 | D:4      | Reached XP level 7. HP: 33/36 MP: 7/10
  3207 | D:4      | Noticed Ijyb
  3211 | D:4      | Killed Ijyb
  3306 | D:4      | Found Gozag's Platinum Reserve.
  3333 | D:4      | Found an opulent altar of Gozag.
  3555 | D:4      | Found a shimmering altar of Xom.
  3752 | D:4      | Reached skill level 9 in Earth Magic
  3940 | D:5      | Entered Level 5 of the Dungeon
  3940 | D:5      | Found a staircase to the Ecumenical Temple.
  3950 | Temple   | Entered the Ecumenical Temple
  3965 | Temple   | Became a worshipper of Vehumet
  4084 | D:5      | Found a snail-covered altar of Cheibriados.
  5077 | D:6      | Found Ludac's Distillery.
  5126 | D:6      | Reached skill level 10 in Earth Magic
  5126 | D:6      | Reached XP level 8. HP: 41/41 MP: 8/11
  5465 | D:6      | Reached skill level 3 in Spellcasting
  5465 | D:6      | Reached skill level 5 in Conjurations
  6224 | D:7      | Reached * piety under Vehumet
  6224 | D:7      | Offered knowledge of Shock by Vehumet.
  6276 | D:7      | Reached skill level 4 in Spellcasting
  6276 | D:7      | Reached skill level 6 in Conjurations
  6281 | D:7      | Learned a level 4 spell: Brom's Barrelling Boulder
  6340 | D:7      | Found Xoyl's Jewellery Shop.
  6363 | D:7      | Found a stormy altar of Qazlal.
  6413 | D:7      | Found Pyufor's Weapon Emporium.
  6489 | D:7      | Found Utoatol's Armour Emporium.
  6553 | D:7      | Reached XP level 9. HP: 46/46 MP: 11/15
  6590 | D:7      | Noticed Menkaure
  6597 | D:7      | Killed Menkaure
  6598 | D:7      | Reached skill level 7 in Conjurations
  6654 | D:7      | Reached skill level 11 in Earth Magic
  6807 | D:7      | Found Uxzuyre's Antique Armour Shoppe.
  7187 | D:8      | Identified the ring of the Reasonable Banana {^Contam rElec
                  | rPois Will+ Str+2}
  7213 | D:8      | Found a sacrificial altar of Ru.
  7225 | D:8      | Reached skill level 8 in Conjurations
  7279 | D:8      | Got the Incunable of Evil Lithomancy
  7347 | D:8      | Reached skill level 12 in Earth Magic
  7448 | D:8      | Reached skill level 1 in Fighting
  7485 | D:8      | Noticed Maurice
  7487 | D:8      | Maurice stole 346 gold
  7489 | D:8      | Maurice stole a +4 ring of slaying
  7491 | D:8      | Maurice stole a +2 flail of pain
  7492 | D:8      | Maurice stole 162 gold
  7497 | D:8      | Killed Maurice
  7498 | D:8      | Reached skill level 3 in Fighting
  7498 | D:8      | Reached skill level 2 in Dodging
  7626 | D:8      | Identified +0 steam dragon scales
  7626 | D:8      | Noticed Maggie
  7636 | D:8      | Killed Maggie
  7637 | D:8      | Reached skill level 3 in Dodging
  7637 | D:8      | Reached XP level 10. HP: 50/56 MP: 1/16
  7808 | D:8      | Reached skill level 4 in Fighting
  8276 | D:9      | Reached skill level 4 in Dodging
  8286 | D:9      | Reached skill level 5 in Fighting
  8289 | D:9      | Offered knowledge of Momentum Strike by Vehumet.
  8368 | D:9      | Reached ** piety under Vehumet
  8443 | D:9      | Found a blossoming altar of Fedhas.
  8499 | D:9      | Noticed a two-headed ogre
  8502 | D:9      | Killed a two-headed ogre
  8503 | D:9      | Reached skill level 6 in Fighting
  8503 | D:9      | Reached skill level 5 in Dodging
  8578 | D:9      | Noticed a two-headed ogre
  8581 | D:9      | Killed a two-headed ogre
  8605 | D:9      | Reached skill level 7 in Fighting
  8668 | D:9      | Reached skill level 6 in Dodging
  8668 | D:9      | Reached XP level 11. HP: 65/67 MP: 3/17
  8967 | D:9      | Found a broken altar of Ashenzari.
  8971 | D:9      | Saw a vision of the Swamp and the Snake Pit.
  8971 | D:9      | Noticed a mana viper
  8971 | D:9      | Noticed a naga sharpshooter
  8971 | D:9      | Noticed an eight-headed hydra
  8971 | D:9      | Noticed a bunyip
  8971 | D:9      | Noticed an alligator
  8971 | D:9      | Noticed a five-headed hydra
  9197 | D:10     | Entered Level 10 of the Dungeon
  9227 | D:10     | Offered knowledge of Mercury Vapours by Vehumet.
  9341 | D:10     | Reached *** piety under Vehumet
  9396 | D:10     | Reached skill level 8 in Fighting
  9453 | D:10     | Reached skill level 13 in Earth Magic
  9647 | D:10     | Noticed a two-headed ogre
  9648 | D:10     | Noticed a two-headed ogre
  9651 | D:10     | Killed a two-headed ogre
  9680 | D:10     | Killed a two-headed ogre
  9791 | D:10     | Noticed a death yak
  9810 | D:10     | Killed a death yak
  9811 | D:10     | Noticed a death yak
  9813 | D:10     | Noticed a death yak
  9814 | D:10     | Reached skill level 7 in Dodging
  9836 | D:9      | Killed a death yak
  9836 | D:9      | Offered knowledge of Inner Flame by Vehumet.
  9837 | D:9      | Reached skill level 9 in Fighting
 10215 | D:10     | Found a staircase to the Orcish Mines.
 10310 | D:10     | Reached **** piety under Vehumet
 10312 | D:10     | Reached skill level 14 in Earth Magic
 10368 | D:10     | Found a staircase to the Lair.
 10444 | D:10     | Killed a death yak
 10445 | D:10     | Reached XP level 12. HP: 77/77 MP: 10/18
 10581 | D:10     | Reached skill level 10 in Fighting
 10635 | D:10     | Found a glowing golden altar of the Shining One.
 10778 | D:11     | Noticed Nergalle
 10790 | D:11     | Killed Nergalle
 10791 | D:11     | Reached skill level 8 in Dodging
 10886 | D:11     | Offered knowledge of Iskenderun's Mystic Blast by Vehumet.
 10971 | D:11     | HP: 7/77 [white ugly thing (6)]
 10971 | D:11     | Mangled by a white ugly thing

Vanquished Creatures
  3 death yaks
  4 two-headed ogres
  Nergalle (D:11)
  Maurice (D:8)
  A cyclops (D:11)
  Maggie (D:8)
  A kobold demonologist (D:10)
  Grinder (D:3)
  3 trolls
  2 wraiths (D:10)
  14 yaks
  Menkaure (D:7)
  7 vampire mosquitoes
  A basilisk (D:8)
  A water moccasin (D:7)
  2 ice beasts
  2 sky beasts (D:7)
  6 orc warriors
  A black bear (D:5)
  4 ogres
  4 centaurs
  2 kobold brigands
  4 bullfrogs
  2 gnoll sergeants (D:10)
  A scorpion (D:6)
  17 killer bees
  3 electric eels (D:8)
  3 howler monkeys (D:10)
  5 hounds
  2 jellies (D:6)
  A gnoll bouda (D:8)
  7 orc priests
  Crazy Yiuf (D:3)
  Jessica (D:3)
  7 orc wizards
  3 sleepcaps
  Ijyb (D:4)
  4 iguanas
  Robin (D:2)
  11 gnolls
  4 adders
  A white imp (D:7)
  4 dart slugs
  A ribbon worm (D:5)
  44 orcs
  5 endoplasms
  15 goblins
  6 hobgoblins
  3 quokkas
  A ball python (D:2)
  5 bats
  3 frilled lizards (D:3)
  11 kobolds
  10 rats
250 creatures vanquished.

Vanquished Creatures (collateral kills)
  A boulder (D:8)
1 creature vanquished.

Vanquished Creatures (others)
  A boulder (D:8)
1 creature vanquished.

Grand Total: 252 creatures vanquished
